 Dungeon Crawl Stone Soup version 0.29-a0-648-g6b26cc9f40 (webtiles) character file.

Game seed: 9465694303035129370

3066 frimble the Charlatan (level 9, -3/61 HPs)
             Began as an Octopode Warper on June 21, 2022.
             Slain by a hog (13 damage)
             ... on level 6 of the Dungeon.
             The game lasted 00:15:58 (7852 turns).

frimble the Charlatan (Octopode Warper)             Turns: 7852, Time: 00:15:58

Health: -3/61      AC:  1    Str: 10    XL:     9   Next: 88%
Magic:  12/12      EV: 14    Int: 17    God:
Gold:   336        SH:  0    Dex: 14    Spells: 3/12 levels left

rFire   . . .      SeeInvis .   a - +3 dagger (speed)
rCold   . . .      Faith    .   (no shield)
rNeg    . . .      Spirit   .   (helmet restricted)
rPois   +          Reflect  .   (no amulet)
rElec   .          Harm     .   h - ring of poison resistance
rCorr   .          Rampage  .   j - ring of flight
Will    .....                   (no ring)
Stlth   ++++......              (no ring)
HPRegen 0.20/turn               (no ring)
MPRegen 0.13/turn               (no ring)
                                (no ring)
                                (no ring)

@: about to teleport, flying
A: almost no armour, amphibious, 8 rings, camouflage 1, gelatinous body 1,
(nimble swimmer 1), tentacles
a: no special abilities


You were on level 6 of the Dungeon.
You visited 1 branch of the dungeon, and saw 7 of its levels.
You also visited: Sewer and Bailey.

You collected 336 gold pieces.

Inventory:

Hand Weapons
 a - a +3 dagger of speed (weapon)
 b - a +0 hunting sling of chaos
Missiles
 c - 6 boomerangs of dispersal
 l - 8 poisoned darts (quivered)
Armour
 w - a +3 kite shield
Jewellery
 h - a ring of poison resistance (left tentacle)
 j - a ring of flight (right tentacle)
Wands
 g - a wand of polymorph (3)
 p - a wand of mindburst (3)
Scrolls
 f - a scroll of identify
 i - a scroll of blinking
 q - 3 scrolls of fog
 r - a scroll of enchant weapon
 u - 2 scrolls of teleportation
Potions
 d - 2 potions of curing
 e - 3 potions of mutation
 k - a potion of brilliance
 m - 2 potions of lignification
 n - a potion of cancellation
 o - a potion of heal wounds {unknown}
 s - 2 potions of haste
 t - 3 potions of flight {unknown}
 v - a potion of attraction {unknown}
 x - 2 potions of resistance
 z - 2 potions of ambrosia


   Skills:
 + Level 5.6 Fighting
 - Level 3.9 Long Blades
 - Level 5.9(6.0) Slings
 - Level 1.7(4.1) Throwing
 - Level 4.0 Dodging
 - Level 4.3 Stealth
 + Level 1.8 Shields
 - Level 2.3 Spellcasting
 - Level 4.2 Translocations
 + Level 5.0 Poison Magic
 - Level 7.2 Evocations


You had 3 spell levels left.
You knew the following spells:

 Your Spells              Type           Power      Damage    Failure   Level
a - Blink                 Tloc           32%        N/A       4%          2
b - Olgreb's Toxic Radia  Pois           19%        N/A       24%         4
c - Gell's Gravitas       Tloc           16%        N/A       10%         3

Your spell library contained the following spells:

 Spells                   Type           Power      Damage    Failure   Level
 Sting                    Tmut/Pois      40%        1d5       7%          1
 Poisonous Vapours        Pois/Air       20%        N/A       10%         2
 Lesser Beckoning         Tloc           16%        N/A       10%         3
 Teleport Other           Tloc           16%        N/A       10%         3
 Summon Small Mammal      Summ           4%         N/A       19%         1
 Call Canine Familiar     Summ           1%         N/A       50%         3
 Summon Guardian Golem    Hex/Summ       1%         N/A       50%         3
 Passage of Golubria      Tloc           16%        N/A       32%         4
 Manifold Assault         Tloc           16%        N/A       67%         5
 Petrify                  Tmut/Erth      1%         N/A       88%         4
 Metabolic Englaciation   Hex/Ice        0%         N/A       99%         5
 Silence                  Hex/Air        0%         N/A       99%         5
 Statue Form              Tmut/Erth      0%         N/A       100%        6
 Lehudib's Crystal Spear  Conj/Erth      0%         10d2      100%        8


Dungeon Overview and Level Annotations

Branches:
Dungeon (7/15)              Sewer (visited)          Bailey (visited)
 Temple: D:4-7

Altars:
Dithmenos

Annotations:
D:6 Dowan, Duvessa


Innate Abilities, Weirdness & Mutations

You cannot wear most types of armour.
You are amphibious.
You can wear up to eight rings at the same time.
Your skin changes colour to match your surroundings (Stealth+).
Your rubbery body absorbs attacks. (AC +1, EV +1)
((You are camouflaged when in or above water. (Stealth+)))
You have tentacles for arms and can constrict up to eight enemies at once.


Message History

An orc comes into view. It is wielding a +0 club.
You hit the bullfrog. You squeeze the bullfrog.
The bullfrog is heavily wounded.
You constrict the bullfrog. The bullfrog hits you.
You hit the bullfrog. Your squeeze misses the bullfrog.
The bullfrog is severely wounded.
You constrict the bullfrog. The bullfrog barely misses you.
You hit the bullfrog.
The bullfrog is almost dead.
You constrict the bullfrog. The bullfrog hits you!
An orc comes into view. It is wielding a +0 flail.
The orc priest mumbles some strange prayers to Beogh against you.
Beogh smites you!
The orc shouts!
You hit the bullfrog.
You kill the bullfrog!
Your Poison Magic skill increases to level 5!
That's the wrong kind of item! (Use * to select it.) Evoke which item? (* to show all) (? for menu, Esc to quit)
Okay, then.
Aiming: Polymorph
Press: ? - help, Shift-Dir - straight line, f - orc priest
Aim: an orc priest, wielding a +0 flail (will become a hornet, a tengu, or a jelly, chance to affect: 66%)
A hog appears out of thin air!
Reactivating autopickup.
The orc priest miscasts a cantrip.
Okay, then.
Unknown command.
As you read the scroll of teleportation, it crumbles to dust.
You feel strangely unstable. The hog bites you!
* * * LOW HITPOINT WARNING * * *
The orc priest calls down the wrath of Beogh upon you.
Beogh smites you!
* * * LOW HITPOINT WARNING * * *
The hog closely misses you.
You feel better.
A sky beast comes into view.
The hog barely misses you. The hog attacks as you move away! The hog bites you!
You die...

# ## #.
###.......### #
...#...........# #
.............##
...........##
#######........###
. ................#
...............###
.................##
.Y...ooh@.........#
..#.o...#.......###
##..###.......# ###
#......## #).#.###
######


You could see a hog, a sky beast, an orc priest and 2 orcs.

Vanquished Creatures
  A gargoyle (Bailey)
  Maggie (D:7)
  A troll (D:7)
  A vampire (Bailey)
  Pargi (Sewer)
  A water moccasin (D:7)
  A sky beast (D:7)
  An ice beast (D:4)
  4 ogres
  A centaur (D:5)
  A bullfrog (D:6)
  3 scorpions
  4 wights (D:6)
  8 vampire bats (Bailey)
  6 wolf zombies (Bailey)
  2 jellies
  A hound (D:6)
  Jessica (D:2)
  An iguana (D:6)
  9 adders
  21 orc zombies (Bailey)
  A white imp (D:6)
  3 worms
  5 dart slugs
  3 orcs
  7 endoplasms
  4 giant cockroaches
  7 goblins
  4 hobgoblins
  3 jackals (D:3)
  A quokka (D:1)
  10 ball pythons
  9 frilled lizards
  5 kobolds
  7 rats
139 creatures vanquished.

Notes
Turn   | Place    | Note
-------+----------+-------------------------------------------
     0 | D:1      | frimble the Octopode Warper began the quest for the Orb.
     0 | D:1      | Reached XP level 1. HP: 14/14 MP: 3/3
   262 | D:1      | Reached XP level 2. HP: 19/19 MP: 5/5
   875 | D:1      | Found a faded altar of an unknown god.
  1219 | D:2      | Learned a level 2 spell: Blink
  1219 | D:2      | Noticed Jessica
  1227 | D:2      | Killed Jessica
  1228 | D:2      | Reached XP level 3. HP: 18/25 MP: 6/6
  1679 | D:2      | Reached XP level 4. HP: 30/30 MP: 7/7
  2493 | D:3      | Reached skill level 1 in Stealth
  2977 | D:4      | Reached XP level 5. HP: 33/35 MP: 8/8
  3002 | D:4      | Noticed an ogre
  3159 | D:4      | Noticed an ice beast
  3181 | D:5      | Entered Level 5 of the Dungeon
  3186 | D:5      | Found a shadowy altar of Dithmenos.
  3196 | D:5      | Reached skill level 1 in Slings
  3196 | D:5      | Reached skill level 1 in Evocations
  3196 | D:5      | Reached XP level 6. HP: 37/42 MP: 9/9
  3282 | D:5      | Found a glowing drain.
  3296 | Sewer    | Entered a sewer
  3347 | Sewer    | Noticed Pargi
  3356 | Sewer    | Killed Pargi
  3599 | D:5      | Reached XP level 7. HP: 46/46 MP: 10/10
  4009 | D:5      | Reached skill level 2 in Evocations
  4110 | D:6      | Learned a level 4 spell: Olgreb's Toxic Radiance
  4112 | D:6      | Noticed a troll
  4207 | D:7      | Found a flagged portal.
  4229 | Bailey   | Entered a bailey
  4361 | Bailey   | Reached skill level 1 in Poison Magic
  4688 | Bailey   | Reached XP level 8. HP: 54/54 MP: 11/11
  5302 | Bailey   | Noticed a gargoyle
  5328 | Bailey   | Killed a gargoyle
  5329 | Bailey   | Reached skill level 4 in Evocations
  5387 | Bailey   | Reached skill level 5 in Evocations
  5390 | Bailey   | Reached skill level 5 in Slings
  5624 | Bailey   | Noticed a vampire
  5642 | Bailey   | Killed a vampire
  5961 | D:7      | Killed a troll
  5962 | D:7      | Reached skill level 6 in Evocations
  5962 | D:7      | Reached XP level 9. HP: 37/58 MP: 9/12
  5966 | D:7      | Learned a level 3 spell: Gell's Gravitas
  6168 | D:7      | Noticed Maggie
  6181 | D:7      | Killed Maggie
  6665 | D:6      | Noticed Sigmund
  6674 | D:6      | Noticed Sigmund
  6674 | D:6      | Sigmund changed into Sigmund the iguana
  6686 | D:6      | Killed Sigmund the iguana
  7103 | D:4      | Reached skill level 7 in Evocations
  7137 | D:4      | Reached skill level 5 in Fighting
  7698 | D:6      | Reached skill level 1 in Shields
  7745 | D:6      | Noticed Dowan
  7751 | D:6      | Noticed Duvessa
  7848 | D:6      | Reached skill level 5 in Poison Magic
  7849 | D:6      | HP: 3/61 [orc priest/divine providence (13)]
  7852 | D:6      | Slain by a hog

Illustrated notes

Levels and vault maps discovered:
D:1:      dpeg_arrival_circle_labyrinth_c, layout_basic,
          ebering_ecumenical_altar_abandoned
D:2:      layout_loops_cross, hangedman_feature_mirror, uniq_jessica
D:3:      layout_basic, minmay_misc_feat_alley
D:4:      layout_basic
D:5:      layout_loops_ring, nicolae_dithmenos_shadow_blocks,
          cheibrodos_sewer_entry_drain
D:6:      layout_cave_pools, minmay_temple_entry_trees, uniq_sigmund,
          uniq_duvessa
D:7:      layout_loops_ring, enter_bailey_2, uniq_maggie

Skill      XL: |  1  2  3  4  5  6  7  8  9 |
---------------+----------------------------+-----
Dodging        | 3 4 |  4.0
Stealth        | 1 2 3 4 |  4.3
Fighting       | 3 4 5 |  5.6
Long Blades    | 3 |  3.9
Slings         | 1 2 5 |  5.9
Evocations     | 1 2 6 7 |  7.2
Translocations | 4 |  4.2
Poison Magic   | 1 5 |  5.0
Shields        | 1 |  1.8
Throwing       | |  1.7
Spellcasting   | |  2.3

Action                   |  1- 3 |  4- 6 |  7- 9 || total
-------------------------+-------+-------+-------++-------
Melee: Falchion          |    30 |       |       ||    30
       Constrict         |    10 |    15 |    17 ||    42
       Tentacles         |     4 |    19 |    38 ||    61
       Dagger            |     9 |    84 |   146 ||   239
       Punch             |     1 |     1 |     5 ||     7
 Fire: Hunting sling     |       |    14 |   343 ||   357
Throw: Dart              |       |     6 |     7 ||    13
       Boomerang         |       |     1 |       ||     1
 Cast: Blink             |       |       |    12 ||    12
Evoke: Wand              |       |     5 |    16 ||    21
  Use: Scroll            |     1 |     5 |     9 ||    15
       Potion            |       |       |     8 ||     8
 Stab: Sleeping          |     5 |    10 |     8 ||    23
       Invisible         |       |       |     2 ||     2
Armor: Skin              |     2 |     2 |    61 ||    65
Dodge: Dodged            |    15 |    35 |   103 ||   153

Table legend: (Time is in decaauts)
 A = Elapsed time spent in this place.
 B = Non-inter-level travel time spent in this place.
 C = Inter-level travel time spent in this place.
 D = Time resting spent in this place.
 E = Time spent auto-exploring this place.
 F = Levels seen in this place.
 G = Mean time per level.
                   A        B        C        D        E       F      G
               +--------+--------+--------+--------+--------+-----+--------+
         Total |   7834 |   7489 |    345 |    371 |   5408 |   9 |  870.4 |
       Dungeon |   5861 |   5516 |    345 |      0 |   4698 |   7 |  837.3 |
         Sewer |    200 |    200 |      0 |      0 |    130 |   1 |  200.0 |
        Bailey |   1773 |   1773 |      0 |    371 |    580 |   1 | 1773.0 |
               +--------+--------+--------+--------+--------+-----+--------+

Top non-repeatable levels by time:
  Bailey: 1773 daAuts
     D:1: 1219 daAuts
     D:2: 1113 daAuts
     D:4: 987 daAuts
     D:7: 810 daAuts
     D:5: 752 daAuts
     D:3: 600 daAuts
     D:6: 377 daAuts
   Sewer: 200 daAuts
